 Dungeon Crawl Stone Soup version 0.25.1-2-g60ff931df9 (webtiles) character file.

Game seed: 6874493326403204387

98 Qrupt the Magician (level 4, -1/32 HPs)
             Began as a Mummy Conjurer on Oct 23, 2020.
             Slain by a sky beast (4 damage)
             ... on level 6 of the Dungeon.
             The game lasted 00:04:58 (3249 turns).

Qrupt the Magician (Mummy Conjurer)                 Turns: 3249, Time: 00:04:58

Health: -1/32      AC:  3    Str: 11    XL:     4   Next: 43%
Magic:  8/10       EV: 11    Int: 15    God:
Gold:   137        SH:  5    Dex: 12    Spells: 8/11 levels left

rFire    x . .     SeeInvis .   l - +1 short sword (freeze)
rCold    + . .     Gourm    .   n - +2 buckler
rNeg     + + +     Faith    .   m - +0 leather armour (curse)
rPois    ∞         Spirit   .   (no helmet)
rElec    .         Reflect  .   (no cloak)
rCorr    .         Harm     .   (no gloves)
MR       .....                  (no boots)
Stlth    +.........             (no amulet)
HPRegen  0.10/turn              (no ring)
MPRegen  0.12/turn              (no ring)

@: very slightly contaminated
A: no food or potions, fire vulnerability, cold resistance 1, negative energy
resistance 3, torment resistance, unbreathing
a: no special abilities


You were on level 6 of the Dungeon.
You were not hungry.

You visited 1 branch of the dungeon, and saw 4 of its levels.

You collected 137 gold pieces.

Inventory:

Hand Weapons
 l - a +1 short sword of freezing (weapon)
Missiles
 e - a throwing net (quivered)
Armour
 a - a +0 robe
 m - a cursed +0 leather armour (worn)
 n - a +2 buckler (worn)
Jewellery
 d - an uncursed amulet of faith {unknown}
Wands
 o - a wand of flame (9)
Scrolls
 b - 2 scrolls of enchant armour {unknown}
 c - a scroll of teleportation {unknown}
 f - a scroll of immolation {unknown}
 g - 2 scrolls of noise {unknown}
 h - 3 scrolls of remove curse {unknown}
 i - a scroll of magic mapping {unknown}
 j - a scroll of blinking {unknown}
 k - a scroll of identify {unknown}


   Skills:
 - Level 1.6 Fighting
 - Level 1.5 Dodging
 - Level 1.5 Stealth
 + Level 0.9 Shields
 + Level 4.0 Spellcasting
 + Level 3.9 Conjurations


You had 8 spell levels left.
You knew the following spells:

 Your Spells              Type           Power        Failure   Level  Hunger
a - Magic Dart            Conj           ##..         7%          1    N/A
b - Searing Ray           Conj           ##....       11%         2    N/A

Your spell library contained the following spells:

 Spells                   Type           Power        Failure   Level  Hunger
 Dazzling Flash           Conj/Hex       #.....       43%         3    N/A
 Fulminant Prism          Conj/Hex       #.........   85%         4    N/A
 Iskenderun's Mystic Bla  Conj/Tloc      #.......     85%         4    N/A

Dungeon Overview and Level Annotations

Branches:
Dungeon (3/15)

Altars:
Trog


Innate Abilities, Weirdness & Mutations

You do not eat or drink.
Your flesh is vulnerable to fire.
You are immune to poison.
Your flesh is cold resistant. (rC+)
You are immune to negative energy. (rN+++)
You are immune to unholy pain and torment.
You can survive without breathing.


Message History

You finish memorising.
Spell assigned to 'b'.
Something hits you. Something shocks you.
Found a fizzy inky potion.
Your leather armour prevents you from hitting something.
Something hits you. Something shocks you.
Casting: Magic Dart (safe; 7% risk of failure)
Confirm with . or Enter, or press ? or * to list all spells.
Aiming: Searing Ray (safe; 11% risk of failure)
Press: ? - help, Shift-Dir - straight line You miscast Searing Ray.
You are very lightly contaminated with residual magic.
Nothing appears to happen.
Something hits you. Something shocks you.
* * * LOW HITPOINT WARNING * * *
Something hits you.
* * * LOW HITPOINT WARNING * * *
Something shocks you.
* * * LOW HITPOINT WARNING * * *
You block something's attack. Something hits you.
You die...

#.##########
...........#
.##....@...#
#....{...#
#........#
#........#
#........#
..........#
#####.....##
#..!...


There were no monsters in sight!

Vanquished Creatures
  Robin (D:2)
  An ooze (D:2)
  2 worms (D:2)
  3 dart slugs
  2 leopard geckos
  4 orcs (D:3)
  6 bats
  3 giant cockroaches
  7 hobgoblins
  4 jackals (D:2)
  2 quokkas (D:3)
  A ball python (D:2)
  A frilled lizard (D:2)
  9 goblins
  7 kobolds
  7 rats
60 creatures vanquished.

Notes
Turn   | Place    | Note
-------+----------+-------------------------------------------
     0 | D:1      | Qrupt the Mummy Conjurer began the quest for the Orb.
     0 | D:1      | Reached XP level 1. HP: 13/13 MP: 4/4
   360 | D:1      | Reached skill level 3 in Spellcasting
   360 | D:1      | Reached XP level 2. HP: 20/20 MP: 0/6
   643 | D:1      | Reached skill level 1 in Fighting
   786 | D:1      | You fall into a shaft and drop 1 floor!
  1010 | D:2      | Reached XP level 3. HP: 7/26 MP: 0/7
  1817 | D:2      | Found a bloodstained altar of Trog.
  2003 | D:2      | Noticed Robin
  2106 | D:2      | Killed Robin
  2106 | D:2      | Reached XP level 4. HP: 25/32 MP: 1/9
  3031 | D:3      | Reached skill level 4 in Spellcasting
  3239 | D:3      | You fall into a shaft and drop 3 floors!
  3240 | D:6      | Noticed a sky beast
  3243 | D:6      | Learned a level 2 spell: Searing Ray
  3249 | D:6      | Slain by a sky beast

Illustrated notes

Levels and vault maps discovered:
D:1:      giann_bridges, layout_basic
D:2:      layout_loops_ring, lightli_temple_of_fire, uniq_robin
D:3:      kennysheep_big_flooded_room, layout_basic, first_ration
D:6:      layout_loops_cross, makhleb_heckhound_becter

Skill      XL: |  1  2  3  4 |
---------------+-------------+-----
Spellcasting   | 3 4 |  4.0
Fighting       | 1 |  1.6
Dodging        | |  1.5
Stealth        | |  1.5
Shields        | |  0.9
Conjurations   | |  3.9

Action                   |  1- 3 |  4- 6 || total
-------------------------+-------+-------++-------
Melee: Club              |     8 |       ||     8
       Short sword       |    21 |    16 ||    37
 Cast: Magic Dart        |   120 |    40 ||   160
 Stab: Sleeping          |     1 |     1 ||     2
Armor: Robe              |     5 |       ||     5
       Leather armour    |     5 |     4 ||     9
Dodge: Dodged            |    28 |    11 ||    39
Block: Buckler           |     5 |     5 ||    10
